 Dungeon Crawl Stone Soup version 0.31-a0-1183-gd88bbb8b4d (webtiles) character file.

Game seed: 16272851074524007402

830 qw the Skirmisher (level 7, -1/44 HPs)
             Began as a Gargoyle Hunter on Dec 11, 2023.
             Slain by a gnoll sergeant
             ... wielding a +0 spear
              (9 damage)
             ... on level 6 of the Dungeon.
             The game lasted 00:01:41 (4764 turns).

qw the Skirmisher (Gargoyle Hunter)                 Turns: 4764, Time: 00:01:42

Health: -1/44      AC: 17    Str: 25    XL:     7   Next: 97%
Magic:  0/7        EV: 12    Int: 17    God:
Gold:   229        SH:  0    Dex: 15    Spells: 6/6 levels left

rFire   . . .        a - +0 shortbow
rCold   + . .        (shield currently unavailable)
rNeg    + . .        d - +3 ring mail of the Orb {Will- Str+6 Int+8}
rPois   inf          j - +3 helmet of Ennui {-Cast rPois Str+4}
rElec   +            (no cloak)
rCorr   .            (no gloves)
SInv    .            (no boots)
Will    .....        e - amulet of guardian spirit
Stlth   +            c - ring of protection from cold
HPRegen 0.27/turn    (no ring)
MPRegen 0.10/turn

%: no spellcasting, guardian spirit
@: no status effects
A: sickness immunity, AC +4, negative energy resistance 1, electricity
resistance, torment resistance 1, petrification resistance
a: no special abilities


You were on level 6 of the Dungeon.
You visited 1 branch of the dungeon, and saw 6 of its levels.

You collected 229 gold pieces.


Innate Abilities, Weirdness & Mutations

You are immune to sickness and miasma.
Your stone body is resilient. (AC +4)
You are immune to poison.
You resist negative energy. (rN+)
You are resistant to electric shocks. (rElec)
You are resistant to unholy torment.
You are immune to petrification.


   Skills:
 - Level 5.0 Fighting
 - Level 8.1 Ranged Weapons
 + Level 1.2 Armour
 - Level 2.5 Dodging
 - Level 1.1 Stealth


You had 6 spell levels left.
You didn't know any spells.
Your spell library was empty.

Inventory:

Hand Weapons
 a - a +0 shortbow (weapon)
Armour
 d - the +3 ring mail of the Orb (worn) {Will- Str+6 Int+8}
   (You found it on level 2 of the Dungeon)

   Str+6:     It affects your strength (+6).
   Int+8:     It affects your intelligence (+8).
   Will-:     It decreases your willpower.
 j - the +3 helmet of Ennui (worn) {-Cast rPois Str+4}
   (You found it on level 5 of the Dungeon)

   Str+4:     It affects your strength (+4).
   rPois:     It protects you from poison -Cast: It prevents spellcasting.
Jewellery
 c - a ring of protection from cold (left hand)
 e - an amulet of guardian spirit (around neck)
Wands
 b - a wand of roots (17)
Potions
 h - 3 potions of curing
 k - a potion of enlightenment
 l - a potion of mutation {unknown}
 m - 2 potions of resistance

Dungeon Overview and Level Annotations

Branches:
Dungeon (6/15)
 Temple: D:4-7

Altars:
Ashenzari
Kikubaaqudgha
Nemelex Xobeh
Trog


Message History

You shoot an arrow. The arrow hits the gnoll sergeant.
The gnoll sergeant is severely wounded.
The gnoll sergeant hits you from afar with a +0 spear.
The gnoll hits you from afar with a +0 spear.
You shoot an arrow.
The arrow barely misses the gnoll sergeant.
The gnoll sergeant hits you from afar with a +0 spear.
The gnoll closely misses you.
You shoot an arrow.
The arrow hits the gnoll sergeant but does no damage.
The gnoll sergeant is severely wounded.
The gnoll sergeant misses you.
The gnoll hits you from afar with a +0 spear.
You shoot an arrow.
The arrow closely misses the gnoll sergeant.
The gnoll sergeant hits you from afar with a +0 spear.
The gnoll hits you but does no damage.
You shoot an arrow. The arrow hits the gnoll sergeant.
The gnoll sergeant is almost dead.
The gnoll sergeant hits you but does no damage.
The gnoll hits you from afar with a +0 spear.
You shoot an arrow.
The arrow barely misses the gnoll sergeant.
The gnoll sergeant hits you but does no damage.
The gnoll barely misses you.
You shoot an arrow. The arrow hits the gnoll sergeant.
The gnoll sergeant is almost dead.
The gnoll sergeant hits you but does no damage.
The gnoll hits you but does no damage.
You shoot an arrow. The gnoll sergeant blocks the arrow.
The gnoll sergeant barely misses you. The gnoll barely misses you. x2
The gnoll sergeant hits you but does no damage.
You shoot an arrow.
The arrow hits the gnoll sergeant but does no damage.
The gnoll sergeant is almost dead.
The gnoll hits you but does no damage. The gnoll sergeant barely misses you.
You shoot an arrow. The gnoll sergeant blocks the arrow.
The gnoll closely misses you.
The gnoll sergeant hits you from afar with a +0 spear!
You die...

.... ##....
..... #....
#..g# #.gg######
######...)....##
.........@.....#
...[...........#
.!..........>..#
######....<...##
#...###### #...#
#...# #....
#...#


You could see a gnoll sergeant and 2 gnolls.

Vanquished Creatures
  A water moccasin (D:6)
  An ogre (D:5)
  2 scorpions
  6 hounds
  2 jellies
  A gnoll bouda (D:5)
  A sleepcap (D:5)
  2 orc wizards (D:4)
  10 gnolls
  3 adders
  2 dart slugs
  4 orcs
  2 ball pythons (D:1)
  6 bats
  7 endoplasms
  2 giant cockroaches (D:3)
  6 goblins
  7 hobgoblins
  3 jackals (D:2)
  5 kobolds
  4 quokkas
  A rat (D:3)
78 creatures vanquished.

Notes
Turn   | Place    | Note
-------+----------+-------------------------------------------
     0 | D:1      | qw the Gargoyle Hunter began the quest for the Orb.
     0 | D:1      | Reached XP level 1. HP: 12/12 MP: 1/1
     0 | D:1      | 0 ||| qw: Version: 0.3-a-106-g2cfff9e
     0 | D:1      | 0 ||| qw: Game counter: 2094
     0 | D:1      | 0 ||| qw: Melee chars always use a shield: true
     0 | D:1      | 0 ||| qw: God list: Okawaru
     0 | D:1      | 0 ||| qw: Allow faded altars: false
     0 | D:1      | 0 ||| qw: Do Orc after clearing Dungeon:15 true
     0 | D:1      | 0 ||| qw: Do second Lair branch before Depths: true
     0 | D:1      | 0 ||| qw: Lair rune preference: random
     0 | D:1      | 0 ||| qw: Goals: Normal, Save, Zot:1-4, Win
     0 | D:1      | 0 ||| PLANNING D:1-11
   237 | D:1      | Reached XP level 2. HP: 17/17 MP: 2/2
   309 | D:1      | Reached XP level 3. HP: 18/21 MP: 3/3
   590 | D:1      | Reached skill level 5 in Ranged Weapons
   638 | D:1      | 638 ||| UPGRADING to amulet of guardian spirit.
   643 | D:1      | 643 ||| READING 2 scrolls labelled DUQOIWK IKEOF.
   643 | D:1      | 643 ||| IDENTIFYING fizzy silvery potion
   644 | D:1      | 644 ||| READING scroll of identify.
   644 | D:1      | 644 ||| IDENTIFYING smoky grey potion
   645 | D:1      | 645 ||| READING scroll labelled PEKAF MOIMEMOT.
   650 | D:1      | 650 ||| DROPPING scroll of butterflies.
   651 | D:1      | 651 ||| DROPPING potion of berserk rage.
   783 | D:2      | Identified the +3 ring mail of the Orb {Will- Str+6 Int+8}
  1441 | D:2      | You fall into a shaft and drop 2 floors!
  1504 | D:4      | Found a broken altar of Ashenzari.
  1579 | D:4      | Reached skill level 3 in Fighting
  1579 | D:4      | Reached XP level 4. HP: 23/28 MP: 4/4
  1647 | D:4      | 1647 ||| RETREEAATING.
  1648 | D:4      | 1648 ||| STILL RETREEAATING.
  1649 | D:4      | 1649 ||| STILL RETREEAATING.
  1650 | D:4      | 1650 ||| STILL RETREEAATING.
  1655 | D:4      | Reached XP level 5. HP: 18/32 MP: 2/5
  1657 | D:4      | HP: 7/32 [gnoll/+0 halberd (2)]
  1658 | D:4      | 1658 ||| READING 2 scrolls of teleportation.
  1659 | D:4      | 1659 ||| DRINKING 2 bubbling red potions.
  1661 | D:4      | Found a bloodstained altar of Trog.
  1780 | D:4      | Reached skill level 6 in Ranged Weapons
  1989 | D:4      | 1989 ||| UPGRADING to +3 ring mail of the Orb {Will- Str+6
                  | Int+8}.
  1999 | D:4      | 1999 ||| DROPPING +0 leather armour.
  2000 | D:4      | 2000 ||| UPGRADING to +0 helmet.
  2005 | D:4      | 2005 ||| READING scroll of identify.
  2005 | D:4      | 2005 ||| IDENTIFYING sedimented emerald potion
  2006 | D:4      | 2006 ||| READING scroll labelled SETEAMM YZINI.
  2107 | D:4      | 2107 ||| READING scroll labelled KITSETO OLUSO.
  2107 | D:4      | 2107 ||| ENCHANTING +0 helmet.
  2108 | D:4      | 2108 ||| READING scroll labelled TUOR SIWYN BURE.
  2109 | D:4      | 2109 ||| READING scroll labelled FAM TACUERYQ.
  2110 | D:4      | 2110 ||| READING scroll labelled OCKEUQ BYLENIGG.
  2211 | D:4      | 2211 ||| DROPPING potion of attraction.
  2249 | D:3      | Reached skill level 1 in Armour
  2317 | D:3      | Reached XP level 6. HP: 38/38 MP: 6/6
  2374 | D:3      | 2374 ||| UPGRADING to ring of protection from cold.
  2375 | D:3      | 2375 ||| READING scroll labelled NUILLEADOR.
  2588 | D:3      | Found a faded altar of an unknown god.
  3131 | D:3      | 3131 ||| DROPPING amulet of magic regeneration.
  3132 | D:3      | 3132 ||| READING scroll of identify.
  3132 | D:3      | 3132 ||| IDENTIFYING emerald potion
  3133 | D:3      | 3133 ||| DRINKING 2 metallic brown potions.
  3159 | D:3      | 3159 ||| DRINKING 2 metallic white potions.
  3160 | D:3      | 3160 ||| DROPPING potion of lignification.
  3422 | D:4      | Found an ancient bone altar of Kikubaaqudgha.
  3428 | D:4      | Found a sparkling altar of Nemelex Xobeh.
  3556 | D:5      | Entered Level 5 of the Dungeon
  3662 | D:5      | Reached skill level 7 in Ranged Weapons
  3662 | D:5      | 3662 ||| Stepping ~*~*~tactically~*~*~ (retreating).
  3666 | D:5      | 3666 ||| Stepping ~*~*~tactically~*~*~ (retreating).
  3667 | D:5      | 3667 ||| Stepping ~*~*~tactically~*~*~ (retreating).
  3668 | D:5      | 3668 ||| Stepping ~*~*~tactically~*~*~ (retreating).
  3669 | D:5      | 3669 ||| Stepping ~*~*~tactically~*~*~ (retreating).
  3700 | D:5      | Reached XP level 7. HP: 14/43 MP: 2/7
  3702 | D:5      | HP: 8/43 [ogre/+0 giant club (7)]
  3703 | D:5      | 3703 ||| READING scroll of teleportation.
  3704 | D:5      | 3704 ||| DRINKING 2 potions of heal wounds.
  3780 | D:5      | Identified the +3 helmet of Ennui {-Cast rPois Str+4}
  4130 | D:5      | Reached skill level 8 in Ranged Weapons
  4609 | D:5      | 4609 ||| UPGRADING to +3 helmet of Ennui {-Cast rPois
                  | Str+4}.
  4619 | D:5      | 4619 ||| DROPPING +1 helmet.
  4620 | D:5      | 4620 ||| READING 2 scrolls labelled SIPPIF IMNIE.
  4621 | D:5      | 4621 ||| DROPPING scroll of revelation.
  4693 | D:6      | HP: 9/44 [scorpion (4)]
  4694 | D:6      | 4694 ||| DRINKING potion of heal wounds.
  4739 | D:6      | 4739 ||| RETREEAATING.
  4740 | D:6      | 4740 ||| STILL RETREEAATING.
  4757 | D:6      | HP: 10/44 [gnoll/+0 spear[a gnoll sergeant] (3)]
  4764 | D:6      | Slain by a gnoll sergeant

Levels and vault maps discovered:
D:1:      dpeg_arrival_stonehenge_8_columns, layout_basic
D:2:      layout_basic, serial_forest, infiniplex_forest_corner_1,
          infiniplex_forest_diagonal, infiniplex_forest_lined_3_way,
          infiniplex_forest_clump_small, infiniplex_forest_end_2
D:3:      layout_loops_ring, shapermc_ecumenical_altar_gd,
          kennysheep_cross_room, supply_closet_lemuel
D:4:      layout_gridville, ashenzari_conservatory_becter,
          grunt_temple_overflow_open, dreamdust_gnoll_farm
D:5:      dreamdust_elfheim, layout_basic
D:6:      layout_loops_cross, xom_redecorated, minmay_temple_entry_antechambers,
          serial_rivers, chequers_serial_rivers_micro_d,
          chequers_serial_rivers_micro_b, chequers_serial_rivers_small_3,
          chequers_serial_rivers_micro_a

Skill      XL: |  1  2  3  4  5  6  7 |
---------------+----------------------+-----
Ranged Weapons | 5 6 7 8 |  8.1
Fighting       | 3 4 5 |  5.0
Armour         | 1 |  1.2
Dodging        | 2 |  2.5
Stealth        | |  1.1

Action                     |  1- 3 |  4- 6 |  7- 9 || total
---------------------------+-------+-------+-------++-------
   Fire: Shortbow          |    64 |   199 |   109 ||   372
    Use: Scroll            |     3 |     9 |     2 ||    14
         Potion            |       |     3 |     2 ||     5
 Armour: Leather armour    |    12 |    29 |       ||    41
         Ring mail         |       |    75 |   108 ||   183
  Dodge: Dodged            |    13 |    67 |    80 ||   160

Table legend:
 A = Non-vault XP
 B = Vault XP
 C = Vault XP percentage of total XP
 D = Non-vault monster count
 E = Vault monster count
 F = Vault count percentage of total count
                 A         B        C        D         E       F
            +---------+---------+-------+---------+---------+-------
      Total |    1104 |      83 |   7.0 |      74 |       4 |   5.1
            +---------+---------+-------+---------+---------+-------
        D:1 |      39 |       0 |   0.0 |      14 |       0 |   0.0
        D:2 |      16 |       0 |   0.0 |       8 |       0 |   0.0
        D:3 |      65 |       0 |   0.0 |      21 |       0 |   0.0
        D:4 |     202 |      83 |  29.1 |      14 |       4 |  22.2
        D:5 |     479 |       0 |   0.0 |      12 |       0 |   0.0
        D:6 |     303 |       0 |   0.0 |       5 |       0 |   0.0
            +---------+---------+-------+---------+---------+-------
